[Event "14th Karen Asrian Memorial 2024"]
[Site "Yerevan"]
[Date "2024.04.28"]
[Round "5.2"]
[White "Davtyan, Artur"]
[Black "Ohanyan, Emin"]
[Result "0-1"]
[ECO "D32"]
[WhiteElo "2474"]
[BlackElo "2488"]
[Annotator "TA"]
[PlyCount "82"]
[EventDate "2024.04.24"]
[EventType "swiss"]
[EventCountry "ARM"]
[SourceTitle "playchess.com"]
[Source "ChessBase"]
[SourceQuality "1"]
[TimeControl "40/5400+30:1800+30"]

1. Nf3 d5 2. c4 e6 3. e3 Nf6 4. b3 c5 5. Bb2 Nc6 6. cxd5 exd5 7. Be2 a6 8. d4 Bd6 9. O-O O-O 10. dxc5 Bxc5 11. Nc3 Ba7 12. Rc1 Be6 13. Na4 Rc8 14. Ne5 Nxe5 15. Bxe5 {[%emt 0:02:39] White has an edge.} Ne4 16. Rxc8 Qxc8 17. Qa1 ({Better is} 17. Bd4 $14 Bb8 18. Bd3) 17... Qc2 $15 18. Bf3 b5 (18... Nxf2 $1 $15 19. Bxg7 (19. Rxf2 $2 Bxe3 20. Bg3 b5 $19) 19... Bxe3) 19. Nc3 {[%emt 0:00:42][%cal Oe5g7] aiming for Bxg7!} Nd2 {[%emt 0:04:23] White must now prevent ...d4.} 20. Bd1 $2 ({Only move:} 20. Qd1 $15 Qb2 21. Qc1 Nxf3+ 22. gxf3 Qxc1 23. Rxc1) 20... Qf5 $19 21. Bxg7 Nxf1 ({Not} 21... Kxg7 22. Ne4+ (22. Nxd5+ $2 {loses.} f6 $19) 22... d4 23. Nxd2 $11) (21... Re8 $1 $19 {[%cal Od2f1] has better winning chances.} 22. Re1 Qg6) 22. Bxf8 $17 Kxf8 (22... Nxe3 $5 23. Nxd5 Qxf2+ 24. Kxf2 Nc2+ 25. Kg3 Nxa1 $17) 23. Kxf1 Bxe3 24. Bf3 Bd4 25. Qc1 {[%emt 0:00:01] Prevents Qc2.} Bxc3 26. Qxc3 $15 {[%emt 0:00:03][%mdl 4096] Endgame. KQB-KQB} Qb1+ 27. Qe1 Qxa2 28. Qb4+ Ke8 29. g4 Kd7 30. Kg2 Qc2 31. Qa3 {[%emt 0:00:49] [#]} (31. h4 $11) 31... Qc6 $1 $17 {[%emt 0:00:34] Black is more active.} 32. Qb2 b4 {[%emt 0:00:43] With the idea ...Qc5.} 33. Qa1 {[%emt 0:00:35] [#]} (33. Qd4 $11 {remains equal.}) 33... Qc3 (33... Qb6 $1 $17 {Threatens to win with ...d4.} 34. h4 d4) 34. Qxa6 $11 Qxb3 {[%emt 0:00:13] Strongly threatening ...Qc4.} 35. Qb7+ Kd6 {[%emt 0:00:15] ...Qc3 is the strong threat.} 36. Qb8+ Kc5 {[%emt 0:01:05] And now ...Kc4 would win.} 37. Qa7+ $2 (37. Be2 $11 {and White stays safe.}) 37... Kc4 $19 {[%emt 0:00:38] Hoping for ...d4.} 38. Be2+ Kc3 39. Qe3+ (39. Qa1+ Kd2 (39... Qb2 40. Qd1 $17) 40. Bf3) 39... Kb2 40. Qd2+ (40. Bd3 $142) 40... Ka3 41. Bd3 Qc3 {[%emt 0:04:48] Weighted Error Value: White=0.49/Black=0.20 (precise) .  Loses game:     	White=2     	---        Mistake:       	White=5     	Black=3      Inaccurate:     	White=2     	Black=3      OK:         	White=11    	Black=10     Best:        	White=2     	Black=6      Strong:       	---       	Black=1} 0-1

[Event "14th Karen Asrian Memorial 2024"]
[Site "Yerevan"]
[Date "2024.04.28"]
[Round "5.3"]
[White "Hayrapetyan, Hovik"]
[Black "Danielyan, Vahe"]
[Result "1-0"]
[ECO "E62"]
[WhiteElo "2432"]
[BlackElo "2331"]
[Annotator "TA"]
[PlyCount "157"]
[EventDate "2024.04.24"]
[EventType "swiss"]
[EventCountry "ARM"]
[SourceTitle "playchess.com"]
[Source "ChessBase"]
[SourceQuality "1"]
[TimeControl "40/5400+30:1800+30"]

1. d4 Nf6 2. c4 g6 3. Nc3 Bg7 4. Nf3 O-O 5. g3 c6 6. Bg2 d6 7. O-O Bf5 8. Qb3 Qb6 9. Re1 {[%emt 0:00:04] E62: King's Indian: Fianchetto: 6...c6 and Panno Variation (6...Nc6) without ...a6.} Na6 10. e4 Bg4 11. Be3 Qxb3 12. axb3 Nd7 13. h3 Bxf3 14. Bxf3 c5 15. e5 $146 ({Predecessor:} 15. Red1 cxd4 16. Bxd4 Bxd4 17. Rxd4 Ndc5 18. Bd1 Nb4 19. f4 a6 20. Kg2 Rad8 21. Rd2 {1-0 Kaczorowski,P (2047)-Zaninotto,F (2162) Warsaw Najdorf Memorial op-A 11th 2013 (6)}) 15... cxd4 16. Bxd4 Nb4 17. Bxb7 Rab8 18. Be4 Nxe5 19. Bxa7 f5 20. Bxb8 fxe4 21. Ba7 Nc2 22. Rec1 Nxa1 23. Rxa1 Ra8 24. Nb5 Nf3+ 25. Kg2 Bxb2 26. Ra4 Bf6 27. Nc7 Rc8 28. Nd5 Nd2 (28... Kf7 $11 {remains equal.}) 29. Bd4 $16 Rb8 (29... Kf8 $16 {is a better defense.} 30. Bxf6 exf6) 30. Bxf6 $18 exf6 31. Ra7 ({But not} 31. Nxf6+ $6 Kg7 32. Ra6 Rxb3 $14) (31. Ra2 $18 Nxb3 32. Nxf6+ Kf7 33. Nxe4 (33. Nxh7 Nc5 $16)) 31... Rxb3 $16 32. Nxf6+ Kf8 33. Nxh7+ Kg8 34. Nf6+ Kf8 35. c5 dxc5 36. Nd7+ Ke8 37. Nxc5 Rb2 (37... Rc3 $16 {was necessary.}) 38. Ra3 (38. Nd7 $1 $18) 38... Rc2 $14 39. Na4 Ke7 40. Re3 Kf6 41. Re2 Kf5 (41... g5 $1 $14) 42. Nb6 $16 Nf3 43. Rxc2 Ne1+ 44. Kf1 Nxc2 45. Ke2 Nd4+ 46. Ke3 Nc2+ 47. Kd2 $1 Na3 48. Kc3 Nb5+ 49. Kc4 Na3+ $2 (49... Nc7 $16) 50. Kd5 $18 Nc2 $2 (50... Nb5 51. Nc4 Nc3+ 52. Kd6 Ne2 53. Ne3+ Kf6) 51. Nc4 $18 Nb4+ 52. Kd4 Nc2+ {[%emt 0:00:22] [#]} 53. Kc3 $1 Ne1 {[%emt 0:00:44] [#]} 54. Kd2 $1 Nd3 (54... Nf3+ $142 55. Ke3 Ng5) 55. Ke3 $18 Nc5 56. h4 Ke6 57. Kd4 Nd3 58. f3 (58. Kxe4 Nxf2+ 59. Kf4 Kf6 $14) 58... Nf2 59. fxe4 Nh1 60. g4 Nf2 61. g5 Ng4 62. Ne3 (62. Kd3 $142 Nf2+ 63. Ke3 Nd1+ 64. Kd4 Kf7 65. Ne5+ Kg7 66. Nd3 Kf7 67. e5) 62... Ne5 63. Ng2 Nf3+ 64. Ke3 Ne5 65. Nf4+ Kd6 66. Nd3 Nc4+ 67. Kd4 Nd2 68. Ne5 Nb3+ 69. Kc3 Nc5 70. Nxg6 Nxe4+ 71. Kd4 Ng3 72. Ke3 Ke6 73. Kf4 Ne2+ 74. Kg4 Kf7 75. Ne5+ Kg7 76. h5 Nd4 77. h6+ Kg8 78. g6 Ne6 79. Nd7 1-0

[Event "14th Karen Asrian Memorial 2024"]
[Site "Yerevan"]
[Date "2024.04.28"]
[Round "5.4"]
[White "Davtyan, Arsen"]
[Black "Shahinyan, David"]
[Result "1/2-1/2"]
[ECO "C41"]
[WhiteElo "2421"]
[BlackElo "2441"]
[Annotator "TA"]
[PlyCount "210"]
[EventDate "2024.04.24"]
[EventType "swiss"]
[EventCountry "ARM"]
[SourceTitle "playchess.com"]
[Source "ChessBase"]
[SourceQuality "1"]
[TimeControl "40/5400+30:1800+30"]

1. e4 d6 2. d4 Nf6 3. Nc3 e5 4. Nf3 Nbd7 5. Bc4 Be7 6. O-O O-O 7. a4 c6 8. Re1 h6 9. h3 Re8 10. Ba2 exd4 11. Nxd4 Bf8 12. Kh1 {[%emt 0:08:47] White has an edge.} d5 13. exd5 Rxe1+ 14. Qxe1 Nb6 15. Bf4 Nfxd5 16. Be5 Qg5 (16... Nb4 $11 17. a5 Nxa2 18. axb6 axb6 (18... Nxc3 19. Rxa7 Nd5 20. Rxa8 $14)) 17. Rd1 ({White should play} 17. a5 $14 Nxc3 18. bxc3) 17... Nxc3 $11 18. bxc3 Nxa4 19. f4 (19. Rd3 $1 $11 Nb6 20. Rf3) 19... Qh5 $15 20. Ne2 ({White should try} 20. Rd3 $1 $15 Bf5 21. Re3) 20... Nb6 21. Rd3 Bf5 22. Re3 Nd5 (22... Bxc2 23. g4 Qg6 24. Nd4 $15) 23. Ng3 Qg6 24. Nxf5 Qxf5 25. Rf3 Re8 {[%emt 0:01:04] Threatens to win with ...f6.} 26. Qd2 Qe4 27. Rg3 (27. c4 $17 {keeps fighting.} Nf6 28. Qd1) 27... b5 $19 28. Qd1 Re6 ({And not} 28... Nxf4 29. Bxf4 Qe1+ (29... Qxf4 $2 30. Rf3 $18) 30. Qxe1 Rxe1+ 31. Kh2 $18) 29. Rd3 Rg6 (29... a5 $1 $17 {aiming for ...a4.} 30. Bxd5 cxd5) 30. Bxd5 (30. Qf3 $1 $15 Qxf3 31. Rxf3) 30... cxd5 $17 31. Qd2 {[%emt 0:00:00] [#]} (31. Qf3 $17 {was necessary.}) 31... Bc5 $1 $19 32. Rxd5 (32. Bd4 $142 Bd6 33. Be5) 32... Bb6 33. Rxb5 $2 {[%emt 0:01:01] [#]} (33. Rd7 {is tougher.}) 33... Re6 $2 (33... Be3 $1 $19 34. Rb4 Qxb4 35. Qxe3 Qb1+ 36. Kh2 Qxc2) 34. Rb1 Re8 35. Re1 Qc6 36. Rd1 Rd8 {[%emt 0:00:47][%mdl 1024] Black has compensation.} 37. Bd4 Qe4 38. Qf2 a5 39. Qh4 Qg6 40. Rb1 Bc7 41. Rb7 Qxc2 {[%emt 0:06:04] Strongly threatening ...Qc1+.} 42. Rxc7 Rxd4 $11 {[%emt 0:00:16][%mdl 4096] Endgame. KQR-KQR} 43. Kh2 $1 Rd2 44. Qg4 a4 45. f5 (45. Rc8+ $11 Kh7 46. Rf8) 45... Rf2 $15 46. Ra7 Qxc3 {[%emt 0:03:46] ...Rf1 is the strong threat.} ({Much worse is} 46... Qxf5 47. Qxf5 Rxf5 48. Rxa4 $11) ({Much weaker is} 46... Rxf5 47. Ra8+ Kh7 48. Rxa4 $11) 47. Qe4 {[%emt 0:00:09] Ra8+ would kill now.} Qf6 $1 48. Rxa4 Rxf5 (48... Kh7 {simplifies} 49. Rd4 Qxf5 50. Qxf5+ Rxf5 51. g4 Ra5) 49. Ra8+ Kh7 50. Ra5 g6 51. Rxf5 gxf5 $11 {[%emt 0:01:34] KQ-KQ} 52. Qd5 Qe6 53. Qd4 Kg6 54. Qf4 Qe4 55. Qd6+ Kg7 56. Qg3+ Kf6 57. Qd6+ Qe6 58. Qd8+ Kg7 59. Qd4+ Kg6 60. Qf4 Qe1 61. Qd6+ Kh7 62. Qc7 Qe6 63. Qb8 f6 64. Qa7+ Kg6 65. Qf2 Qe5+ 66. Kh1 f4 67. Qf3 h5 68. Kh2 Kg5 69. Kh1 Qe3 {[%emt 0:01:57] Hoping for ...Qxf3.} 70. Qd5+ $1 Kh4 {[%emt 0:00:46][%cal Of4f3] And now ...f3! would win.} 71. Kh2 Qg3+ 72. Kh1 Qe1+ 73. Kh2 Qe3 74. Qc6 Kg5 75. Qd5+ Qe5 76. Qf3 f5 77. Kh1 {[%emt 0:02:24] The position is equal.} Qe1+ 78. Kh2 Qe5 79. Kg1 Qe3+ 80. Kf1 $1 Qc1+ 81. Kf2 Qd2+ 82. Kg1 Qe1+ 83. Kh2 Qe5 84. Kh1 Qe3 85. Qb7 Qe1+ 86. Kh2 Qg3+ 87. Kh1 Qe1+ 88. Kh2 Qe5 {[%emt 0:00:03] Prevents Qg7+. White must now prevent ...f3+.} 89. Qf3 Qd4 (89... Kh4 $5) 90. Qb7 Qd6 91. Qf3 h4 92. Kg1 Qd4+ 93. Kh2 Qe5 94. Kg1 Qe1+ 95. Kh2 $1 Qe5 96. Kh1 Qe4 {[%emt 0:00:07] ( -> ...Qxf3)} 97. Kg1 Qe3+ 98. Kf1 $1 Qc1+ 99. Kf2 Qc5+ 100. Kf1 Qc4+ 101. Kg1 Kf6 102. Qh5 Qd4+ 103. Kh2 {[%emt 0:00:36] Intending Qh8+ and mate.} Qf2 104. Qh8+ Ke6 105. Qc8+ Ke5 {[%emt 0:02:46] Black had all chances to win.   Weighted Error Value: White=0.27 (precise) /Black=0.22 (precise) .  Missed win:     	---       	Black=1      Mistake:       	White=9     	Black=2      Inaccurate:     	White=3     	Black=5      OK:         	White=35    	Black=29     Best:        	White=7     	Black=6      Strong:       	White=5     	Black=1} 1/2-1/2

[Event "14th Karen Asrian Memorial 2024"]
[Site "Yerevan"]
[Date "2024.04.28"]
[Round "5.5"]
[White "Pogosyan, Stefan"]
[Black "Babujian, Levon"]
[Result "0-1"]
[ECO "A05"]
[WhiteElo "2387"]
[BlackElo "2338"]
[Annotator "RC"]
[PlyCount "68"]
[EventDate "2024.04.24"]
[EventType "swiss"]
[EventCountry "ARM"]
[SourceTitle "playchess.com"]
[Source "ChessBase"]
[SourceQuality "1"]
[TimeControl "40/5400+30:1800+30"]

1. Nf3 Nf6 2. b3 c5 3. Bb2 g6 4. Bxf6 exf6 5. c4 f5 6. Nc3 Bg7 7. g3 Qa5 8. Nd5 d6 9. Bg2 Be6 10. Ng5 Nc6 11. Rb1 O-O 12. Nxe6 fxe6 13. Nf4 Rae8 14. a4 Bh6 15. e3 Bxf4 16. gxf4 Nb4 17. O-O e5 18. Bxb7 e4 19. d3 Nxd3 20. f3 Qc3 21. fxe4 fxe4 22. Qe2 Re7 23. Bd5+ Kh8 24. Rfd1 g5 25. fxg5 Re5 26. h4 Rxd5 27. cxd5 Qe5 28. Rf1 Qg3+ 29. Qg2 Qxe3+ 30. Kh2 Rf3 31. Rbd1 Nf2 32. Rde1 Qf4+ 33. Kg1 e3 34. Rxe3 Nh3+ 0-1

[Event "14th Karen Asrian Memorial 2024"]
[Site "Yerevan"]
[Date "2024.04.28"]
[Round "5.6"]
[White "Sahakyan, Aleks"]
[Black "Hakobyan, Erik"]
[Result "1/2-1/2"]
[ECO "D27"]
[WhiteElo "2339"]
[BlackElo "2383"]
[Annotator "TA"]
[PlyCount "161"]
[EventDate "2024.04.24"]
[EventType "swiss"]
[EventCountry "ARM"]
[SourceTitle "playchess.com"]
[Source "ChessBase"]
[SourceQuality "1"]
[TimeControl "40/5400+30:1800+30"]

1. d4 d5 2. Nf3 Nf6 3. c4 dxc4 4. e3 e6 5. Bxc4 c5 6. O-O Nc6 7. Nc3 a6 8. dxc5 Bxc5 9. Qxd8+ Kxd8 10. b3 Ke7 11. Na4 Bd6 12. Nb6 {[%emt 0:00:17] White is slightly better.} Rb8 13. Bb2 Bc5 14. Nxc8+ Rbxc8 15. Rac1 Bd6 16. Rfd1 Rhd8 17. Bd3 h6 18. Kf1 Rc7 19. Ke2 Rdc8 20. Bb1 Nd5 21. g3 (21. Bxg7 $2 Nd4+ 22. Nxd4 Rxc1 23. Rxc1 Rxc1 $17) 21... f6 22. Rc2 Nd8 23. Rdc1 Rxc2+ 24. Rxc2 Rxc2+ 25. Bxc2 Nc6 26. h4 Bb4 27. a3 Bc3 28. Bc1 f5 29. e4 fxe4 30. Bxe4 Nd4+ (30... Bf6 $11) 31. Nxd4 Bxd4 $16 {[%emt 0:00:07][%mdl 4096] Endgame. KBB-KBN} 32. Kd3 {[%emt 0:00:13] Against Nc3} ({Better is} 32. Bxd5 $14 exd5 33. g4) 32... Bxf2 $15 33. Bb2 (33. Bf4 $1 $15) 33... Bxg3 $17 34. Bxg7 h5 ({Reject} 34... Bxh4 $6 35. Bxd5 exd5 36. Bxh6 $15) 35. Bh6 Bxh4 36. Bf3 {[%emt 0:01:34] [#]} Bg3 $1 37. Bg5+ Kd7 38. Bxh5 {[%emt 0:00:23] [#]} Bf4 $1 39. Bh4 Bd6 40. Bf3 Bxa3 41. Kd4 Bb2+ 42. Kc4 b5+ 43. Kc5 Ba3+ 44. Kd4 Kd6 45. Bg3+ Kc6 46. Ke5 Kd7 {[%emt 0:00:14] ...Bd6+ is the strong threat.} 47. Kd4 Bd6 48. Be1 Ne7 49. Bb7 Kc7 50. Bg2 (50. Bxa6 $2 {is the wrong capture.} Kb6 51. Bxb5 Kxb5 $19) 50... Kb6 51. Bh3 e5+ 52. Ke4 Nc6 53. Kd5 Kc7 54. Bg4 a5 55. Be2 Ne7+ 56. Ke4 Kb6 57. Bf2+ Bc5 58. Bh4 (58. Bxc5+ Kxc5 59. Bd3 a4 (59... Nc6 $2 60. Bb1 $19) 60. bxa4 bxa4 $19) 58... Nc6 59. Bd1 Bd4 60. Kd5 Kc7 61. Be1 Kb7 62. Bd2 Kb6 63. Be1 Ne7+ 64. Ke4 Ng6 65. Bd2 Nf8 66. Kd5 Nd7 67. Bg5 {[%emt 0:01:09] Dodges Nf6+} Kc7 68. Ke6 Nc5+ 69. Kd5 a4 70. bxa4 Nxa4 {[%emt 0:00:42] Hoping for ...Nc3+. The position is equal.} 71. Bc2 Nb6+ 72. Ke6 $1 Kc6 73. Be7 Nc4 74. Be4+ Kb6 75. Bd8+ {[%emt 0:00:40] A strong pair of Bishops.} Ka6 76. Bd3 Bb6 77. Bf6 $1 Bc7 78. Kd5 Nb2 79. Bxb5+ Kxb5 80. Bxe5 Bxe5 81. Kxe5 {[%emt 0:00:06] Weighted Error Value: White=0.10 (very precise) /Black=0.09 (flawless) .  Mistake:       	White=2     	Black=1      Inaccurate:     	White=5     	Black=5      OK:         	White=28    	Black=25     Best:        	White=4     	Black=6      Strong:       	White=2     	Black=2} 1/2-1/2

[Event "14th Karen Asrian Memorial 2024"]
[Site "Yerevan"]
[Date "2024.04.28"]
[Round "5.7"]
[White "Chaqryan, Erik"]
[Black "Hayrapetyan, Edgar"]
[Result "0-1"]
[ECO "A20"]
[WhiteElo "2326"]
[BlackElo "2340"]
[Annotator "TA"]
[PlyCount "104"]
[EventDate "2024.04.24"]
[EventType "swiss"]
[EventCountry "ARM"]
[SourceTitle "playchess.com"]
[Source "ChessBase"]
[SourceQuality "1"]
[TimeControl "40/5400+30:1800+30"]

1. c4 e5 2. g3 c6 3. Nf3 e4 4. Nd4 d5 5. cxd5 Qxd5 6. Nc2 {[%emt 0:00:21] A20: English Opening: 1...e5.} Nf6 7. Nc3 Qe5 8. Bg2 Na6 9. O-O Be7 10. d3 exd3 11. Qxd3 O-O 12. e4 Qh5 13. f3 Nc5 14. Qe2 b6 15. g4 $146 (15. Rd1 $11) ({Predecessor:} 15. Rd1 Ba6 16. Qe3 Rfd8 17. Nd4 Nd3 18. Nb3 c5 19. Nd5 Nxd5 20. exd5 Re8 21. Rxd3 {0-1 Yanez Rodriguez,W (2131)-Alonso Garcia,A (2424) Madrid-chT Honor 2223 2022 (5.3)}) 15... Qh4 ({Black should play} 15... Qe5 $1 $15 16. f4 Qc7) 16. Rd1 h5 17. g5 Nh7 18. f4 Ne6 19. Rf1 Bc5+ 20. Kh1 a5 21. Be3 (21. f5 $16) 21... Ba6 22. Qf2 Qxf2 23. Rxf2 Rfd8 24. Bxc5 ({Better is} 24. Re1 $11) 24... Nxc5 $15 25. Ne1 Nf8 26. e5 Rac8 27. Kg1 Ng6 28. Ne4 Rd4 29. Nxc5 bxc5 30. f5 Nxe5 31. Nf3 Nxf3+ 32. Bxf3 h4 33. Rc1 c4 34. Re1 Rb8 35. h3 Rf4 36. Re5 a4 37. g6 (37. Bxc6 {simplifies} Rxf2 38. Kxf2 Rxb2+ 39. Kf3) 37... a3 38. bxa3 (38. gxf7+ Kxf7 39. bxa3 Rb1+ 40. Kh2 Kf8 $17) 38... c3 39. Rc5 $2 {[%emt 0:00:46][%mdl 8192] [#]} (39. Re3 $11 {and White is okay.}) 39... Rc4 $1 $19 40. Rxc4 Bxc4 41. Rc2 Rb1+ 42. Kf2 Rb2 43. Be4 fxg6 ({Less strong is} 43... Bxa2 44. Ke3 $17) (43... Rxa2 44. Rxa2 Bxa2 45. Ke3 $11) 44. fxg6 Bxa2 45. a4 Bb3 46. Rxb2 cxb2 47. a5 Bd5 48. Bb1 c5 49. a6 Kf8 ({Not} 49... c4 50. Ke3 $14) 50. Ke3 Ke7 51. Kf4 (51. Kd2 $142) 51... Kd6 $19 52. a7 Bg2 (52... c4 53. Kf5 Kc7 54. Ke5) 0-1

[Event "14th Karen Asrian Memorial 2024"]
[Site "Yerevan"]
[Date "2024.04.28"]
[Round "5.8"]
[White "Sanikidze, Tornike"]
[Black "Sukiasyan, Vahe A."]
[Result "1/2-1/2"]
[ECO "E12"]
[WhiteElo "2453"]
[BlackElo "2258"]
[Annotator "TA"]
[PlyCount "92"]
[EventDate "2024.04.24"]
[EventType "swiss"]
[EventCountry "ARM"]
[SourceTitle "playchess.com"]
[Source "ChessBase"]
[SourceQuality "1"]
[TimeControl "40/5400+30:1800+30"]

1. d4 Nf6 2. c4 e6 3. Nf3 b6 4. a3 Ba6 5. Qb3 Bb7 6. Nc3 d5 7. cxd5 Nxd5 8. Qa4+ Qd7 9. Qc2 Nxc3 10. bxc3 Be7 11. e4 O-O 12. Bd3 c5 13. O-O h6 14. Rd1 Qc7 15. Qe2 Nd7 16. a4 Rfd8 17. h3 Rac8 18. Bd2 Bf6 19. Be3 Nb8 20. Rac1 Qc6 21. Nh2 cxd4 22. cxd4 Qxa4 (22... Qe8 $11 {keeps the balance.}) 23. Ra1 Qc6 24. Rxa7 (24. Qb2 $1 $14) 24... Bxd4 $11 25. Rc1 ({White should try} 25. Bb5 $1 $15 Qxe4 26. Rxb7 Bxe3 27. Rxd8+ Rxd8 28. Qf3 Qxf3 29. Nxf3) 25... Qd7 26. Rxc8 Qxc8 27. Nf3 Nc6 28. Bxd4 (28. Ra4 $17 Bc5 29. Bxc5 bxc5 30. Ra3) 28... Nxd4 (28... Nxa7 $19 29. Bxb6 Qc1+ 30. Kh2 Ra8) 29. Nxd4 $17 Rxd4 30. Qe3 e5 31. Qg3 (31. Kh2 $17 {might work better.}) 31... Bxe4 $19 32. Bxe4 Rxe4 {[%emt 0:00:05][%mdl 4096] Endgame. KQR-KQR} 33. Kh2 Rf4 {[%emt 0:00:39] Wards off Qf3} 34. Re7 Qf5 35. f3 Kh7 36. Qe1 {[%emt 0:01:13] [#]} e4 37. fxe4 Qf6 38. Qb4 (38. Re8 {is a better defense.}) 38... Qg6 $2 (38... Rf1 $19 {and Black stays clearly on top. ( -> ...Qf4+)} 39. e5 Qf5) 39. Qd4 $17 Rf6 (39... Rf1 $142 {Threatens to win with ...Qg5.} 40. Rd7 b5) 40. Rb7 Rd6 41. Qe5 Rd2 42. Qg3 Qf6 {[%emt 0:01:16] aiming for ...Rd1.} 43. e5 Qe6 44. Qf4 Rd7 (44... Re2 $17) 45. Rxb6 $1 $11 Qxb6 46. Qf5+ Qg6 {[%emt 0:00:20] Weighted Error Value: White=0.21 (precise) /Black=0.32.  Missed win:     	---       	Black=1      Mistake:       	White=5     	Black=4      Inaccurate:     	White=2     	Black=2      OK:         	White=10    	Black=17     Best:        	White=3     	Black=1      Strong:       	White=1     	---        Brilliant:      	---       	Black=1} 1/2-1/2

[Event "14th Karen Asrian Memorial 2024"]
[Site "Yerevan"]
[Date "2024.04.29"]
[Round "6.1"]
[White "Ohanyan, Emin"]
[Black "Petrosyan, Manuel"]
[Result "1/2-1/2"]
[ECO "D38"]
[WhiteElo "2488"]
[BlackElo "2616"]
[Annotator "TA"]
[PlyCount "55"]
[EventDate "2024.04.24"]
[EventType "swiss"]
[EventCountry "ARM"]
[SourceTitle "playchess.com"]
[Source "ChessBase"]
[SourceQuality "1"]
[TimeControl "40/5400+30:1800+30"]

1. Nf3 d5 2. d4 Nf6 3. c4 e6 4. Nc3 Bb4 5. Bg5 h6 6. Bxf6 Qxf6 7. e3 O-O 8. Rc1 dxc4 9. Bxc4 c5 10. O-O {[%emt 0:00:16] White wants to play Ne4.} cxd4 11. Ne4 Qe7 12. a3 {[%emt 0:00:08] The position is equal.} Ba5 13. exd4 (13. Qxd4 {is more complex.} Rd8 14. Qe5 Bc7 15. Qc5) 13... Rd8 14. Rc2 Nd7 15. d5 exd5 16. Qxd5 Nb6 17. Qxa5 {[%emt 0:00:06] [#] Hoping for Re1.} Qxe4 18. Bb3 Be6 19. Re1 Rd1 20. Rc8+ Rxc8 ({Much weaker is} 20... Bxc8 $6 21. Bxd1 Qd3 22. Re8+ Kh7 23. Be2 $16) 21. Bxd1 Qc6 22. Nd4 (22. Qxa7 $2 {perishes.} Ra8 23. Nd4 Rxa7 $19) 22... Qd5 23. Qxd5 Bxd5 24. Bg4 Rd8 25. Rd1 Be4 26. Nb5 Rxd1+ 27. Bxd1 Kf8 28. Nxa7 {[%emt 0:06:33] Not much happened in this game.   Weighted Error Value: White=0.01 (flawless) /Black=0.00 (flawless) .  OK:         	White=11    	Black=12     Best:        	---       	Black=1} 1/2-1/2

[Event "14th Karen Asrian Memorial 2024"]
[Site "Yerevan"]
[Date "2024.04.29"]
[Round "6.2"]
[White "Davtyan, Arsen"]
[Black "Hayrapetyan, Hovik"]
[Result "1/2-1/2"]
[ECO "B51"]
[WhiteElo "2421"]
[BlackElo "2432"]
[Annotator "TA"]
[PlyCount "84"]
[EventDate "2024.04.24"]
[EventType "swiss"]
[EventCountry "ARM"]
[SourceTitle "playchess.com"]
[Source "ChessBase"]
[SourceQuality "1"]
[TimeControl "40/5400+30:1800+30"]

1. e4 c5 2. Nf3 d6 3. Bb5+ Nd7 4. d4 cxd4 5. Qxd4 a6 6. Be2 {[%emt 0:00:07] B51: Sicilian: Moscow Variation (3 Bb5+) without 3...Bd7.} Ngf6 7. O-O g6 8. Nc3 Bg7 9. Rd1 O-O 10. e5 Nh5 11. Qh4 dxe5 12. Ng5 Nhf6 $146 ({Predecessor:} 12... h6 13. Nge4 e6 14. Qxd8 Rxd8 15. Be3 Nf4 16. Bf3 Nd5 17. Nxd5 exd5 18. Rxd5 f5 {1-0 Jiang,T (1917)-Aswinika Mani,R (1472) Wch U14 Girls 2023 (1)}) 13. Be3 e6 14. Rd6 Qe7 15. Rad1 Re8 $1 16. Qh3 h6 17. Nge4 Nxe4 18. Nxe4 f5 $1 19. Nc5 Nxc5 20. Bxc5 Qc7 21. Qe3 Kh7 22. Bb6 Qxc2 23. Rc1 Qxb2 24. Rc7 Qb4 $1 25. Rd1 (25. Qxe5 $2 Qe1+ 26. Bf1 Qxe5 $19) (25. Rxg7+ Kxg7 26. Qxe5+ Kh7 $16) 25... e4 26. a3 (26. Bc5 {is interesting.} Qa5 27. Qg3 e5 28. Bd6) 26... Qf8 $1 27. Bc4 (27. Bc5 {keeps more tension.} Qf6 28. Rd6 Qg5 29. Bd4) 27... Qf6 28. Rd6 Re7 $1 (28... Qa1+ $2 29. Bf1 Kg8 30. Bd4 Bxd4 31. Rxd4 $18) 29. Qc5 $1 (29. Bd4 $2 Qxd4 30. Rxd4 Rxc7 $19) 29... e3 (29... Rxc7 $11 30. Qxc7 Qa1+ 31. Bf1 Qc3 (31... Qxa3 32. Bd4 e5 33. Bxe5)) 30. fxe3 $1 $16 f4 {[%emt 0:01:08] [#]} 31. Rd1 (31. Rxc8 $2 Qa1+ 32. Bf1 fxe3 33. Rxa8 (33. Qc1 $2 Rxc8 34. Qxa1 Bxa1 $19) 33... e2 $19) (31. exf4 $1 $16 Rxc7 32. Qxc7 Qa1+ 33. Bf1) 31... Rxc7 $11 32. Qxc7 e5 (32... fxe3 $11 {keeps the balance.} 33. Bxe3 Qe5 34. Qxe5 Bxe5) 33. Rd8 $16 h5 {[%emt 0:00:05] [#]} (33... Qh4 $16 34. Bg8+ (34. Rxc8 $2 Qe1+ 35. Bf1 fxe3 $19) 34... Kh8) 34. exf4 (34. Rxc8 $2 Rxc8 35. Qxc8 Qxb6 36. Bg8+ Kh6 $19) ({White should play} 34. Bg8+ $1 $18 Kh6 35. exf4 (35. Rxc8 $2 Rxc8 36. Qxc8 Qxb6 $19) (35. h3 f3 $11) 35... exf4 36. Bd4 (36. Rxc8 $2 Rxc8 37. Qxc8 Qxb6+ 38. Kf1 Qb1+ 39. Ke2 Qe4+ 40. Kd1 Qd3+ 41. Kc1 Qf1+ 42. Kd2 Qxg2+ 43. Kd3 Qf1+ 44. Kd2 f3 $19) 36... Qxd4+ 37. Rxd4 Bxd4+ 38. Kh1) 34... Be6 $1 $14 ({But not} 34... exf4 $2 35. Bd4 $18 (35. Rxc8 $2 {too greedy.} Rxc8 36. Qxc8 Qxb6+ 37. Kf1 Qb1+ 38. Kf2 Qc2+ 39. Kf3 Qc3+ 40. Kxf4 Bh6+ 41. Ke4 Qe3+ 42. Kd5 b5 $19) (35. Rxc8 $2 {perishes.} Rxc8 36. Qxc8 Qxb6+ 37. Kf1 Qb1+ 38. Kf2 Qc2+ 39. Kf3 Qc3+ 40. Kxf4 Bh6+ 41. Ke4 Qe3+ 42. Kd5 b5 $19)) 35. Rxa8 Bxc4 36. Qxc4 Qxb6+ 37. Kf1 exf4 38. Qxf4 Qb1+ 39. Kf2 Qb2+ 40. Kf1 Qb1+ 41. Kf2 Qb2+ 42. Kf1 Qb1+ 1/2-1/2